 Dungeon Crawl Stone Soup version 0.22.0-38-g04b72b8 (webtiles) character file.

1600 bosm the Infuser (level 8, -9/48 HPs)
             Began as a Deep Elf Skald on Aug 25, 2018.
             Mangled by a two-headed ogre
             ... wielding a +0 giant club
              (23 damage)
             ... on level 10 of the Dungeon.
             The game lasted 00:20:01 (7104 turns).

bosm the Infuser (Deep Elf Skald)                   Turns: 7104, Time: 00:20:01

Health: -9/48      AC:  4    Str: 10    XL:     8   Next: 62%
Magic:  9/20       EV: 14    Int: 21    God:
Gold:   415        SH:  0    Dex: 14    Spells: 7/20 levels left

rFire    + . .     SeeInvis .   a - +3 spear (vamp)
rCold    + . .     Gourm    +   (no shield)
rNeg     . . .     Faith    .   b - +0 leather armour
rPois    +         Spirit   .   i - +0 helmet
rElec    .         Reflect  .   m - scarf {rC+ rF+}
rCorr    .         Harm     .   (no gloves)
MR       .....                  (no boots)
Stlth    +.........             s - amulet of the gourmand
HPRegen  0.16/turn              n - ring of poison resistance
MPRegen  0.17/turn              (no ring)

@: infused
A: blurry vision 1, strong 1, MP-powered wands
a: no special abilities


You were on level 10 of the Dungeon.
You were not hungry.

You visited 2 branches of the dungeon, and saw 9 of its levels.

You collected 415 gold pieces.

Inventory:

Hand Weapons
 a - a +3 vampiric spear (weapon)
 f - a +0 lajatang
Armour
 b - a +0 leather armour (worn)
 g - a +0 cloak
 i - a +0 helmet (worn)
 m - a scarf of resistance (worn)
Jewellery
 n - a ring of poison resistance (left hand)
 s - an amulet of the gourmand (around neck)
Wands
 h - a wand of paralysis (17)
 j - a wand of disintegration (21)
 k - a wand of polymorph (16)
 p - a wand of acid (6)
Scrolls
 c - 9 scrolls of identify
 e - 3 scrolls of teleportation
 l - 2 scrolls of amnesia
 o - 2 scrolls of enchant weapon
Potions
 t - a potion of mutation
Comestibles
 d - 9 rations


   Skills:
 - Level 4.0 Fighting
 - Level 3.9(4.4) Polearms
 * Level 4.3(5.5) Staves
 - Level 0.7 Armour
 + Level 4.5 Dodging
 + Level 6.8 Spellcasting
 + Level 8.0 Charms


You had 7 spell levels left.
You knew the following spells:

 Your Spells              Type           Power        Failure   Level  Hunger
a - Infusion              Chrm           ####         1%          1    None
b - Regeneration          Chrm/Necr      ###.......   7%          3    #......
c - Shroud of Golubria    Chrm/Tloc      ###.......   3%          2    None
d - Spectral Weapon       Hex/Chrm       ###.....     7%          3    #......
e - Summon Lightning Spi  Summ/Air       #.......     77%         4    ###....

Your spell library contained the following spells:

 Spells                   Type           Power        Failure   Level  Hunger
 Song of Slaying          Chrm           #####...     1%          2    None
 Silence                  Hex/Air        #.........   98%         5    #####..
 Deflect Missiles         Chrm/Air       ###.......   98%         6    ######.
 Conjure Ball Lightning   Conj/Air       #.........   100%        6    ######.
 Tornado                  Air            #.........   100%        9    #######


Dungeon Overview and Level Annotations

Branches:
Dungeon (7/15)             Temple (1/1) D:6

Altars:
Ashenzari
Cheibriados
Fedhas
Hepliaklqana
Kikubaaqudgha
Nemelex Xobeh
Okawaru
Qazlal
Ru
Sif Muna
Trog
Wu Jian
Xom
Zin
The Shining One

Annotations:
D:6 2 runed doors, Arum's ghost, novice FoFi
D:7 1 runed door, melvinkitnick's ghost, novice CeGl
D:10 Harold


Innate Abilities, Weirdness & Mutations

Scrolls take you a little longer to read.
Your muscles are strong. (Str +2)
You expend magic power (3 MP) to strengthen your wands.


Message History

The killer bee barely misses you.
* * * LOW HITPOINT WARNING * * *
You feel sick.
The killer bee stings your spectral weapon.
Your spectral weapon shares its damage with you!
* * * LOW HITPOINT WARNING * * *
The killer bee misses you.
You feel better. The killer bee closely misses you.
The killer bee closely misses your spectral weapon.
The killer bee barely misses you.
The killer bee stings your spectral weapon.
Your spectral weapon shares its damage with you!
* * * LOW HITPOINT WARNING * * *
Your surroundings suddenly seem different.
A two-headed ogre comes into view.
It is wielding a giant club and a giant spiked club.
Found a scroll of teleportation and 8 gold pieces.
Really read with blurry vision while enemies are nearby?
The two-headed ogre misses you.
The two-headed ogre hits you with a giant spiked club!!
You die...

## #
###8###8#
#........
#........
#O....?..
#@# #.#
#.. #...
#....
#.....
#......
#.....$#


You could see a two-headed ogre.

Vanquished Creatures
  Grinder (D:6)
  Duvessa (D:5)
  An ogre (D:5)
  A phantom (D:5)
  A centaur (D:5)
  A bullfrog (D:6)
  Dowan (D:5)
  2 scorpions (D:5)
  2 crimson imps
  2 hounds (D:5)
  2 jellies
  A gnoll shaman (D:5)
  A centaur skeleton (D:4)
  An orc priest (D:4)
  A bullfrog skeleton (D:5)
  2 iguanas
  4 orc wizards
  5 worker ants
  9 gnolls
  6 adders
  2 oozes (D:3)
  An adder zombie (D:5)
  A worm (D:4)
  2 dart slugs
  6 leopard geckos
  15 orcs
  6 bats
  7 giant cockroaches
  4 goblins
  4 hobgoblins
  A quokka (D:4)
  3 ball pythons
  7 frilled lizards
  9 kobolds
  4 rats
117 creatures vanquished.

Vanquished Creatures (others)
  3 spectral weapons
3 creatures vanquished.

Grand Total: 120 creatures vanquished

Notes
Turn   | Place    | Note
-------+----------+-------------------------------------------
     0 | D:1      | bosm the Deep Elf Skald began the quest for the Orb.
     0 | D:1      | Reached XP level 1. HP: 12/12 MP: 6/6
   272 | D:1      | Reached XP level 2. HP: 11/17 MP: 2/8
   785 | D:1      | Reached XP level 3. HP: 21/21 MP: 6/9
   790 | D:1      | Learned a level 3 spell: Regeneration
   794 | D:1      | Learned a level 3 spell: Spectral Weapon
  1130 | D:2      | Reached skill level 5 in Charms
  1411 | D:2      | Found a bloodstained altar of Trog.
  1500 | D:2      | Found a blossoming altar of Fedhas.
  1889 | D:3      | Reached XP level 4. HP: 22/26 MP: 8/11
  1895 | D:3      | Learned a level 2 spell: Shroud of Golubria
  2532 | D:4      | Got a faintly glowing mace
  2533 | D:4      | Identified the +4 mace "Ybell" {antimagic, rF+ Int+4} (You found it on level 4 of the Dungeon)
  2588 | D:4      | You fall through a shaft for 2 floors!
  2603 | D:6      | Found a large runed door.
  2603 | D:6      | Found a large runed door.
  2607 | D:6      | Noticed Arum's ghost (novice FoFi)
  2645 | D:5      | Entered Level 5 of the Dungeon
  2645 | D:5      | Noticed a phantom
  2678 | D:5      | Killed a phantom
  2678 | D:5      | Reached XP level 5. HP: 18/31 MP: 1/13
  2804 | D:5      | Noticed Duvessa
  2804 | D:5      | Noticed Dowan
  3077 | D:6      | Reached XP level 6. HP: 28/36 MP: 0/14
  3221 | D:5      | Reached skill level 6 in Charms
  3336 | D:5      | Reached skill level 5 in Spellcasting
  3614 | D:4      | Learned a level 4 spell: Summon Lightning Spire
  3705 | D:4      | Reached XP level 7. HP: 41/41 MP: 14/16
  3885 | D:4      | Reached skill level 1 in Staves
  4654 | D:5      | Reached skill level 7 in Charms
  4899 | D:5      | Gained mutation: You expend magic power (3 MP) to strengthen your wands. [potion of mutation]
  4899 | D:5      | Gained mutation: Scrolls take you a little longer to read. [potion of mutation]
  4899 | D:5      | Gained mutation: Your muscles are strong. (Str +2) [potion of mutation]
  5206 | D:5      | Reached XP level 8. HP: 47/47 MP: 11/19
  5579 | D:5      | Killed Dowan
  5672 | D:5      | Killed Duvessa
  6257 | D:6      | Noticed Grinder
  6335 | D:6      | Found a staircase to the Ecumenical Temple.
  6347 | Temple   | Entered the Ecumenical Temple
  6774 | D:6      | Killed Grinder
  6908 | D:7      | Found a runed door.
  6908 | D:7      | Noticed melvinkitnick's ghost (novice CeGl)
  6999 | D:7      | Reached skill level 8 in Charms
  7087 | D:7      | You fall through a shaft for 3 floors!
  7087 | D:10     | Entered Level 10 of the Dungeon
  7095 | D:10     | Noticed Harold
  7103 | D:10     | Noticed a two-headed ogre
  7104 | D:10     | Mangled by a two-headed ogre

Skill      XL: |  1  2  3  4  5  6  7  8 |
---------------+-------------------------+-----
Polearms       | 2 3 |  3.9
Fighting       | 2 3 4 |  4.0
Charms         | 5 6 7 8 |  8.0
Spellcasting   | 4 5 6 |  6.8
Staves         | 2 4 |  4.3
Dodging        | 3 4 |  4.5
Armour         | |  0.7

Action                   |  1- 3 |  4- 6 |  7- 9 || total
-------------------------+-------+-------+-------++-------
Melee: Spear             |   109 |   109 |   176 ||   394
 Cast: Infusion          |    12 |    10 |     9 ||    31
       Spectral Weapon   |    10 |    19 |    23 ||    52
       Regeneration      |       |     2 |    11 ||    13
       Shroud of Golubri |       |       |    12 ||    12
Evoke: Wand              |       |       |     1 ||     1
  Use: Scroll            |     6 |     4 |     5 ||    15
       Potion            |     1 |     5 |     5 ||    11
 Stab: Sleeping          |     1 |     3 |       ||     4
       Distracted        |       |       |     1 ||     1
  Eat: Chunk             |     4 |     4 |    11 ||    19
       Ration            |       |     1 |     2 ||     3
Armor: Leather armour    |    20 |     6 |    26 ||    52
Dodge: Dodged            |    33 |    51 |   105 ||   189
